 Dungeon Crawl Stone Soup version 0.26.1-2-gb8aa6d0cf2 (webtiles) character file.

Game seed: 12018667579182965875

3559 growler the Zephyrmancer (level 10, 0/51 HPs)
             Began as a Tengu Air Elementalist on Feb 25, 2021.
             Was a Believer of Ashenzari.
             Killed by their own static electricity (2 damage)
             ... on level 8 of the Dungeon.
             The game lasted 00:31:54 (12113 turns).

growler the Zephyrmancer (Tengu Air Elementalist)  Turns: 12113, Time: 00:31:55

Health: 0/51       AC:  3    Str:  8    XL:     10   Next: 9%
Magic:  2/22       EV: 15    Int: 19    God:    Ashenzari [**....]
Gold:   309        SH:  0    Dex: 15    Spells: 14/24 levels left

rFire    . . .     SeeInvis .   H - +1 rapier (venom) (curse)
rCold    . . .     Faith    .   (no shield)
rNeg     . . .     Spirit   .   w - +0 robe (curse)
rPois    +         Reflect  .   (helmet restricted)
rElec    .         Harm     .   y - +0 cloak {Will+} (curse)
rCorr    +         Rampage  .   (no gloves)
Will     +....                  (boots unavailable)
Stlth    ++........             G - amulet of the acrobat (curse)
HPRegen  0.17/turn              p - ring of poison resistance (curse)
MPRegen  0.18/turn              l - ring of resist corrosion (curse)

@: flying quickly and evasively, quick
A: beak, talons 3, able to fly
a: Stop Flying, Renounce Religion, Curse Item, Scrying


You were on level 8 of the Dungeon.
You worshipped Ashenzari.
Ashenzari was pleased with you.
You visited 2 branches of the dungeon, and saw 10 of its levels.

You collected 309 gold pieces.

Inventory:

Hand Weapons
 a - a +0 vampiric dagger {!w}
   (You took it off a goblin on level 4 of the Dungeon)
 g - the cursed +0 short sword "Urpha" {vorpal, *Drain Str+8 Int+6 Dex-4}
   (You found it on level 8 of the Dungeon)

   It inflicts extra damage upon your enemies.
   It affects your strength (+8).
   It affects your intelligence (+6).
   It affects your dexterity (-4).
   It causes draining when unequipped.
   It has a curse placed upon it.
 x - a +2 dagger of venom
   (You took it off an orc on level 4 of the Dungeon)
 H - a cursed +1 rapier of venom (weapon)
   (You took it off Duvessa on level 5 of the Dungeon)
 M - a cursed +1 trident
   (You took it off a wight on level 8 of the Dungeon)
Missiles
 h - 32 poisoned darts
 q - 8 curare-tipped darts {!f}
Armour
 f - a +1 leather armour of willpower
   (You found it on level 1 of the Dungeon)
 w - a cursed +0 robe (worn)
   (You took it off a hobgoblin on level 3 of the Dungeon)
 y - a cursed +0 cloak of willpower (worn)
   (You took it off Crazy Yiuf on level 4 of the Dungeon)
Jewellery
 l - a cursed ring of resist corrosion (right hand)
   (You took it off a goblin on level 2 of the Dungeon)
 p - a cursed ring of poison resistance (left hand)
   (You found it on level 3 of the Dungeon)
 A - an uncursed ring of stealth
   (You found it on level 8 of the Dungeon)
 G - a cursed amulet of the acrobat (around neck)
   (You found it on level 6 of the Dungeon)
Wands
 d - a wand of iceblast (1)
   (You found it on level 5 of the Dungeon)
 K - a wand of enslavement (9)
   (You found it on level 6 of the Dungeon)
Scrolls
 b - 6 scrolls of teleportation {@r4}
 c - 3 scrolls of identify {@r1}
 e - a scroll of remove curse {@r2}
 i - a scroll of blinking {unknown}
 j - a scroll of amnesia
 o - 2 scrolls of random uselessness {unknown}
 s - a scroll of fear {unknown}
 t - a scroll of enchant weapon
 u - 2 scrolls of magic mapping
 B - a scroll of summoning {unknown}
 J - a scroll of immolation {unknown}
 L - 2 scrolls of enchant armour {unknown}
Potions
 k - 3 potions of invisibility {unknown}
 m - a potion of mutation {!q}
 n - 2 potions of magic {unknown}
 r - a potion of haste {@q3}
 v - 2 potions of might {unknown}
 z - 3 potions of heal wounds {unknown}
 C - a potion of curing {@q1}
 D - 3 potions of lignification {unknown}
 E - a potion of brilliance
 F - 2 potions of resistance
 I - a potion of ambrosia


   Skills:
 + Level 0.6 Fighting
 + Level 0.9(2.1) Short Blades
 + Level 2.4 Dodging
 - Level 2.0 Stealth
 - Level 7.6 Spellcasting
 - Level 10.5(12.6) Conjurations
 + Level 11.2(13.2) Air Magic


You had 14 spell levels left.
You knew the following spells:

 Your Spells              Type           Power        Failure   Level
a - Shock                 Conj/Air       100%         1%          1
b - Airstrike             Air            27%          1%          4
d - Static Discharge      Conj/Air       54%          1%          3
s - Swiftness             Air            55%          1%          2

Your spell library contained the following spells:

 Spells                   Type           Power        Failure   Level
 Lightning Bolt           Conj/Air       27%          1%          5
 Ensorcelled Hibernation  Hex/Ice        16%          13%         2
 Silence                  Hex/Air        16%          16%         5
 Borgnjor's Vile Clutch   Necr/Erth      4%           93%         5
 Shadow Creatures         Summ           N/A          100%        6


Dungeon Overview and Level Annotations

Branches:
Dungeon (9/15)             Temple (1/1) D:4
   Lair: D:8-11         Orc: D:9-12

Altars:
Ashenzari
Cheibriados
Dithmenos
Elyvilon
Fedhas
Gozag
Hepliaklqana
Kikubaaqudgha
Makhleb
Nemelex Xobeh
Okawaru
Qazlal
Ru
Sif Muna
Trog
Uskayaw
Vehumet
Wu Jian
Xom
Yredelemnul
Zin
The Shining One


Innate Abilities, Weirdness & Mutations

You have a beak for a mouth.
You have claws for feet.
You can fly continuously.


Message History

Aim: an orc warrior, wielding a +3 halberd and wearing a cursed +0 plate armour (moderately wounded)
The air twists around and strikes the orc warrior!
The centaur shouts!
An orc warrior comes into view. It is wielding a +0 battleaxe.
An orc comes into view. It is wielding a +0 club.
Aim: an orc warrior, wielding a +3 halberd and wearing a cursed +0 plate armour (almost dead)
The air twists around and strikes the orc warrior!
You kill the orc warrior!
The orc warrior shouts!
You hear a shout!
The orc barely misses you. The orc hits you but does no damage.
The orc hits you with a +0 whip.
You hit the orc. Your kick misses the orc. Your peck misses the orc.
The orc misses you. The orc closely misses you. x2
You barely miss the orc. The orc closely misses you.
The orc completely misses you. The orc barely misses you.
You barely miss the orc. You claw the orc. The orc closely misses you.
The orc misses you. The orc barely misses you.
The orc hits you but does no damage.
You hit the orc.
You kill the orc!
The orc hits you with a +0 whip. The wyvern bites you!
The orc barely misses you.
An orc warrior comes into view.
It is wielding a +2 antimagic battleaxe.
The orc is struck by an arc of lightning.
The wyvern is struck by an arc of lightning.
You are struck by an arc of lightning.
The lightning grounds out.
The wyvern bites you!
* * * LOW HITPOINT WARNING * * *
The orc misses you. x2; The wyvern closely misses you.
The orc closely misses you. The wyvern bites you!
* * * LOW HITPOINT WARNING * * *
The orc hits you with a +0 dagger.
* * * LOW HITPOINT WARNING * * *
You fly upwards.
There is a stone staircase leading down here.
The orc is struck by an arc of lightning!
You kill the orc!
You are struck by an arc of lightning.
* * * LOW HITPOINT WARNING * * *
The wyvern is struck by an arc of lightning.
The lightning grounds out.
The orc is struck by an arc of lightning!
You kill the orc!
You are struck by an arc of lightning.
* * * LOW HITPOINT WARNING * * *
The wyvern is struck by an arc of lightning.
The lightning grounds out.
The wyvern is struck by an arc of lightning!
You are struck by an arc of lightning.
You die...

#########.##.##...........
##.....#..................#
##..............##....#....#
#...............#.......##.#
#.....................#..#.#
#....[............#..###....
####....................# ##...
#..............l......#######..
#.###.........@....(.##........
#..###.....#.).).=.............
##........####..#..#.##........
########............##........
####...##..............
#...#.....####........
##.##..#..###.....#....
#..##.#..####.########.
##.....#.##....# ##


You could see a wyvern.

Vanquished Creatures
  Maggie (D:6)
  Prince Ribbit (D:6)
  A hornet (D:8)
  Eustachio (D:4)
  Duvessa (D:5)
  2 sky beasts
  2 ice beasts
  2 orc warriors
  A black bear (D:6)
  2 ogres
  A big kobold (D:7)
  3 bullfrogs
  Dowan (D:6)
  4 scorpions
  5 wights
  4 bullfrog zombies
  5 hounds
  A quasit (D:7)
  A jelly (D:5)
  3 orc wizards
  3 orc priests
  Crazy Yiuf (D:4)
  A centaur skeleton (D:5)
  4 iguanas
  5 worker ants
  A worker ant zombie (D:5)
  Robin (D:4)
  12 adders
  2 shadow imps
  4 white imps
  2 ufetubi
  An ooze (D:1)
  4 worms
  2 leopard geckos
  30 orcs
  6 giant cockroaches
  12 hobgoblins
  4 quokkas
  A ball python (D:2)
  4 bats
  4 frilled lizards
  13 goblins
  9 kobolds
  A leopard gecko skeleton (D:5)
  A quokka zombie (D:5)
  8 rats
178 creatures vanquished.

Vanquished Creatures (others)
  3 plants (D:4)
3 creatures vanquished.

Grand Total: 181 creatures vanquished

Notes
Turn   | Place    | Note
-------+----------+-------------------------------------------
     0 | D:1      | growler the Tengu Air Elementalist began the quest for the
                  | Orb.
     0 | D:1      | Reached XP level 1. HP: 10/10 MP: 4/4
   369 | D:1      | Reached XP level 2. HP: 15/15 MP: 3/6
   916 | D:2      | Reached XP level 3. HP: 15/19 MP: 0/7
  1689 | D:2      | Reached skill level 5 in Air Magic
  1689 | D:2      | Reached XP level 4. HP: 24/24 MP: 3/9
  2040 | D:2      | Learned a level 2 spell: Swiftness
  2044 | D:2      | Learned a level 3 spell: Static Discharge
  2206 | D:3      | Gained mutation: You can fly continuously. [Tengu growth]
  2206 | D:3      | Reached XP level 5. HP: 28/28 MP: 5/10
  3671 | D:4      | Reached skill level 6 in Air Magic
  3671 | D:4      | Reached XP level 6. HP: 29/32 MP: 4/12
  3734 | D:4      | Found a burning altar of Makhleb.
  3889 | D:4      | Found a staircase to the Ecumenical Temple.
  3904 | Temple   | Entered the Ecumenical Temple
  3970 | Temple   | Became a worshipper of Ashenzari the Shackled
  4086 | D:4      | Noticed Robin
  4110 | D:4      | Killed Robin
  5025 | D:4      | Noticed Eustachio
  5038 | D:4      | Killed Eustachio
  5039 | D:4      | Reached skill level 5 in Conjurations
  5039 | D:4      | Reached XP level 7. HP: 33/36 MP: 1/14
  5296 | D:4      | Found a runed translucent door.
  5297 | D:4      | Noticed Crazy Yiuf
  5302 | D:4      | Killed Crazy Yiuf
  5720 | D:4      | Learned a level 4 spell: Airstrike
  5948 | D:5      | Entered Level 5 of the Dungeon
  5969 | D:5      | Reached skill level 7 in Air Magic
  6953 | D:5      | Reached XP level 8. HP: 40/41 MP: 16/16
  7060 | D:5      | Reached skill level 5 in Spellcasting
  7363 | D:5      | Reached skill level 8 in Air Magic
  7509 | D:5      | Reached * piety under Ashenzari
  8132 | D:6      | Noticed Dowan
  8134 | D:6      | Noticed Duvessa
  8143 | D:6      | Killed Dowan
  8144 | D:6      | Reached skill level 9 in Air Magic
  8165 | D:6      | Noticed Prince Ribbit
  8182 | D:5      | Killed Duvessa
  8397 | D:6      | Killed Prince Ribbit
  8398 | D:6      | Reached XP level 9. HP: 17/45 MP: 3/19
  8622 | D:6      | Found a hide-covered altar of Uskayaw.
  8833 | D:6      | Noticed Maggie
  8844 | D:6      | Killed Maggie
  9216 | D:7      | Reached skill level 10 in Air Magic
 10785 | D:8      | Reached skill level 10 in Conjurations
 11438 | D:8      | Reached ** piety under Ashenzari
 11438 | D:8      | Noticed a hornet
 11441 | D:8      | Killed a hornet
 11442 | D:8      | Reached skill level 11 in Air Magic
 11442 | D:8      | Reached XP level 10. HP: 47/50 MP: 10/22
 11849 | D:8      | Got the cursed short sword "Urpha" {vorpal, *Drain Str+8
                  | Int+6 Dex-4}
 12097 | D:8      | Identified the cursed +0 short sword "Urpha" {vorpal,
                  | *Drain Str+8 Int+6 Dex-4} (You found it on level 8 of the
                  | Dungeon)
 12113 | D:8      | HP: 2/51 [/static electricity (4)]
 12113 | D:8      | Killed from afar by themself

Illustrated notes

Levels and vault maps discovered:
D:1:      wheals_arrival_shading, layout_basic
D:2:      layout_rooms, amcnicky_mini_corridor_feature
D:3:      layout_basic
D:4:      layout_cave_pools, minmay_temple_entry_grid, serial_park,
          serial_park_square3 [serial_park_minivault_5x5_2],
          serial_park_avenue1, serial_park_square1
          [serial_park_minivault_5x5_5], kennysheep_cluttered_room,
          ldierk_geyser, makhleb_heckhound_becter, uniq_robin,
          uniq_crazy_yiuf_cottage, uniq_eustachio
D:5:      minmay_spotlight, layout_cave_pods
D:6:      layout_rooms, eat_drink_and_be_merry_uskayaw, uniq_duvessa,
          uniq_maggie, uniq_prince_ribbit1
D:7:      layout_loops_ring, serial_bayou_pond_d
D:8:      layout_rooms, minivault_25, minmay_checkerbox
D:9:      layout_basic, dpeg_oklobed_lair, david_orc_3, grunt_decor_cap,
          dk_yredelemnul_ordeal
Temple:   grunt_wide_crystal_templ

Skill      XL: |  1  2  3  4  5  6  7  8  9 |
---------------+----------------------------+-----
Conjurations   | 2 3 4 5 6 8 10 | 10.5
Air Magic      | 5 6 7 9 11 | 11.2
Spellcasting   | 3 4 6 7 |  7.6
Fighting       | |  0.6
Short Blades   | |  0.9
Dodging        | |  2.4
Stealth        | |  2.0

Action                   |  1- 3 |  4- 6 |  7- 9 | 10-12 || total
-------------------------+-------+-------+-------+-------++-------
Melee: Unarmed           |    19 |     7 |       |       ||    26
       Peck              |     2 |     1 |    20 |       ||    23
       Kick              |     1 |     7 |    43 |     2 ||    53
       Dagger            |       |    22 |   140 |       ||   162
       Rapier            |       |       |       |     6 ||     6
 Cast: Shock             |    65 |   111 |    26 |     3 ||   205
       Static Discharge  |       |    13 |    30 |     1 ||    44
       Airstrike         |       |       |    73 |    11 ||    84
       Swiftness         |       |       |     1 |       ||     1
Invok: Curse Item        |       |       |     3 |     2 ||     5
 Abil: Fly               |       |       |     1 |       ||     1
Evoke: Wand              |       |       |     2 |       ||     2
  Use: Scroll            |       |       |     8 |     3 ||    11
 Stab: Sleeping          |       |     1 |     1 |       ||     2
Armor: Leather armour    |     9 |     4 |       |       ||    13
       Robe              |     1 |     5 |    30 |     2 ||    38
Dodge: Dodged            |    26 |    26 |   179 |    21 ||   252
